 Dungeon Crawl Stone Soup version 0.22-a0-799-g88f5e907b7 (webtiles) character file.

1841 Holzbalken the Spear-Bearer (level 8, -4/64 HPs)
             Began as a Minotaur Fighter on July 21, 2018.
             Was an Initiate of Qazlal.
             Slain by an orc warrior
             ... wielding a +0 scimitar
              (14 damage)
             ... on level 7 of the Dungeon.
             The game lasted 00:25:18 (6532 turns).

Holzbalken the Spear-Bearer (Minotaur Fighter)      Turns: 6532, Time: 00:25:22

Health: -4/64      AC: 12    Str: 22      XL:     8   Next: 87%
Magic:  8/8        EV:  8    Int:  5      God:    Qazlal [......]
Gold:   412        SH:  0    Dex:  8 (11) Spells: 7/7 levels left

rFire    + . .     SeeInvis .   n - +0 scythe
rCold    . . .     Gourm    .   (shield currently unavailable)
rNeg     . . .     Faith    .   w - +2 chain mail {rF+}
rPois    .         Spirit   .   (helmet restricted)
rElec    .         Reflect  .   (no cloak)
rCorr    .         Harm     .   (no gloves)
MR       +....                  (no boots)
Stlth    ..........             v - amulet of the acrobat
HPRegen  0.20/turn              y - ring of protection from magic
MPRegen  0.11/turn              (no ring)

@: no status effects
A: retaliatory headbutt, horns 2
a: Renounce Religion


You were on level 7 of the Dungeon.
You worshipped Qazlal.
Qazlal was noncommittal.
You were near starving.

You visited 2 branches of the dungeon, and saw 8 of its levels.

You collected 412 gold pieces.

Inventory:

Hand Weapons
 a - a +0 trident
 n - a +0 scythe (weapon)
Armour
 b - a +0 scale mail
 c - a +0 shield
 w - a +2 chain mail of fire resistance (worn)
Jewellery
 v - an amulet of the acrobat (around neck)
 y - a ring of protection from magic (left hand)
Wands
 j - a wand of random effects (19)
 z - a wand of paralysis (12)
Scrolls
 e - 8 scrolls of identify {unknown}
 g - a scroll of amnesia {unknown}
 h - 4 scrolls of teleportation {unknown}
 i - 3 scrolls of enchant armour {unknown}
 k - 2 scrolls of fear {unknown}
 m - 2 scrolls of magic mapping {unknown}
 q - 3 scrolls of remove curse {unknown}
 t - a scroll of enchant weapon {unknown}
 u - 2 scrolls of blinking {unknown}
 x - a scroll of noise {unknown}
 D - 2 scrolls of random uselessness {unknown}
Potions
 d - 2 potions of might
 l - 3 potions of lignification
 o - a potion of brilliance
 p - a potion of curing
 s - a potion of degeneration {unknown}
 A - a potion of invisibility
 B - a potion of haste {unknown}
 C - a potion of ambrosia
Comestibles
 f - 18 rations


   Skills:
 - Level 3.6 Fighting
 * Level 11.2 Polearms
 + Level 7.4 Armour
 - Level 5.6 Shields
 + Level 1.6 Invocations


You had 7 spell levels left.
You didn't know any spells.
Your spell library contained the following spells:

 Spells                   Type           Power        Failure   Level  Hunger
 Conjure Flame            Conj/Fire      #.......     100%        3    ####...
 Freezing Cloud           Conj/Ice/Air   #.........   100%        6    #######
 Mephitic Cloud           Conj/Pois/Air  #.......     100%        3    ####...
 Ring of Flames           Chrm/Fire      #.........   100%        7    #######
 Poisonous Vapours        Pois/Air       #.....       99%         2    ###....


Dungeon Overview and Level Annotations

Branches:
Dungeon (7/15)             Temple (1/1) D:7

Altars:
Ashenzari
Cheibriados
Dithmenos
Elyvilon
Fedhas
Gozag
Hepliaklqana
Kikubaaqudgha
Makhleb
Nemelex Xobeh
Okawaru
Qazlal
Ru
Sif Muna
Trog
Uskayaw
Vehumet
Wu Jian
Xom
Yredelemnul
Zin
The Shining One


Innate Abilities, Weirdness & Mutations

You reflexively headbutt those who attack you in melee.
You have a pair of horns on your head.


Message History

You feel less wooden.
Your +2 chain mail of fire resistance unmelds from your body.
You feel resistant to fire.
You feel a little less clever now. The orc hits you with a hand axe.
* * * LOW HITPOINT WARNING * * *
The orc wizard mumbles some strange words.
The orc wizard blinks!
The quasit barely misses you.
The quasit claws you but does no damage.
The quasit closely misses you. The leopard gecko barely misses you.
The orc warrior hits you with a scimitar!
* * * LOW HITPOINT WARNING * * *
You feel better.
The quasit bites you but does no damage.
The quasit claws you but does no damage.
The quasit barely misses you.
The leopard gecko bites you but does no damage.
The orc hits you but does no damage.
The orc warrior hits you with a scimitar!
You die...

####.......#
...........##########
###..####...)........
...............####
.##..####....#.# .>
#..# #..###.######...
#..# #...............
.#.# #.......5l......
###. #....###@##...[.
# ......# #oo..#...
##..#. .ยง....... .#
#..# ..###.###. .# #.
... .# .### .... #
... ##.#. .# #.#o .#


You could see an orc warrior, an orc wizard, a quasit, an orc and a leopard
gecko.

Vanquished Creatures
  Pikel (D:5)
  Sigmund (D:2)
  Edmund (D:5)
  Duvessa (D:6)
  A phantom (D:3)
  2 ice beasts
  A centaur (D:4)
  Blork the orc (D:5)
  Dowan (D:6)
  A jelly (D:6)
  A bullfrog skeleton (D:5)
  A hound (D:3)
  Natasha (thrice) (D:2)
  3 iguanas
  3 worker ants
  A hound zombie (D:7)
  Robin (D:2)
  A howler monkey skeleton (D:4)
  6 adders
  A shadow imp (D:6)
  An adder skeleton (D:5)
  An adder zombie (D:5)
  2 worms (D:3)
  3 dart slugs (D:1)
  4 leopard geckos
  14 orcs
  3 ball pythons
  9 bats
  5 giant cockroaches
  12 goblins
  8 hobgoblins
  4 jackals
  5 quokkas
  3 frilled lizards
  A jackal skeleton (D:7)
  8 kobolds
  A leopard gecko zombie (D:5)
  A quokka skeleton (D:6)
  8 rats
125 creatures vanquished.

Vanquished Creatures (others)
  2 goblins (D:2)
2 creatures vanquished.

Grand Total: 127 creatures vanquished

Notes
Turn   | Place    | Note
-------+----------+-------------------------------------------
     0 | D:1      | Holzbalken the Minotaur Fighter began the quest for the Orb.
     0 | D:1      | Reached XP level 1. HP: 19/19 MP: 0/0
    90 | D:1      | Reached skill level 3 in Polearms
    96 | D:1      | Reached XP level 2. HP: 25/26 MP: 1/1
   379 | D:1      | Reached XP level 3. HP: 30/31 MP: 2/2
   529 | D:1      | Found an ancient bone altar of Kikubaaqudgha.
   771 | D:2      | Noticed Robin
   772 | D:2      | Reached skill level 4 in Polearms
   781 | D:2      | Killed Robin
   861 | D:2      | Reached XP level 4. HP: 31/39 MP: 3/3
   922 | D:2      | Noticed Natasha
   937 | D:2      | Killed Natasha
   937 | D:2      | Reached skill level 5 in Polearms
   960 | D:2      | Noticed Natasha
   970 | D:2      | Killed Natasha
  1099 | D:2      | Noticed Natasha
  1106 | D:2      | Killed Natasha
  1106 | D:2      | Reached skill level 5 in Shields
  1106 | D:2      | Reached XP level 5. HP: 43/45 MP: 4/4
  1283 | D:2      | Noticed Sigmund
  1304 | D:2      | Killed Sigmund
  1304 | D:2      | Reached skill level 6 in Polearms
  1304 | D:2      | Reached XP level 6. HP: 24/51 MP: 5/5
  2065 | D:3      | Reached skill level 7 in Polearms
  2896 | D:3      | You fall through a shaft for 3 floors!
  2929 | D:5      | Entered Level 5 of the Dungeon
  3078 | D:3      | Found a glowing golden altar of the Shining One.
  3079 | D:3      | Found an ornate altar of the Wu Jian Council.
  3116 | D:3      | Found a deep blue altar of Sif Muna.
  3118 | D:3      | Found a white marble altar of Elyvilon.
  3406 | D:4      | Reached XP level 7. HP: 57/57 MP: 6/6
  3663 | D:4      | Reached skill level 8 in Polearms
  4400 | D:4      | Reached skill level 5 in Armour
  4569 | D:5      | Noticed Blork the orc
  4573 | D:5      | Killed Blork the orc
  4740 | D:5      | Reached skill level 9 in Polearms
  4905 | D:5      | Noticed Edmund
  4918 | D:5      | Killed Edmund
  4918 | D:5      | Reached XP level 8. HP: 24/64 MP: 7/7
  5145 | D:5      | Noticed Pikel
  5244 | D:5      | Killed Pikel
  5244 | D:5      | Reached skill level 10 in Polearms
  5746 | D:6      | Found a stormy altar of Qazlal.
  5829 | D:6      | Became a worshipper of Qazlal Stormbringer
  5839 | D:6      | Noticed Duvessa
  5840 | D:6      | Noticed Dowan
  5847 | D:6      | Killed Duvessa
  5852 | D:6      | Killed Dowan
  5852 | D:6      | Reached skill level 11 in Polearms
  5852 | D:6      | Reached skill level 1 in Invocations
  6306 | D:7      | Found a staircase to the Ecumenical Temple.
  6315 | Temple   | Entered the Ecumenical Temple
  6491 | D:7      | Found a basalt altar of Yredelemnul.
  6532 | D:7      | Slain by an orc warrior

Vault maps used:
D:1:      dpeg_arrival_simpleton_b, kennysheep_flooded_box, glass_columns_b
D:2:      first_ration, uniq_robin, uniq_sigmund, uniq_natasha
D:3:      nicolae_overflow_hidden_temple
D:4:      kennysheep_nondescript
D:5:      grunt_decor_one_mirror, minivault_14, uniq_edmund, uniq_blork_the_orc,
          uniq_pikel
D:6:      small_statue_intersection, grunt_qazlal_clouds, uniq_duvessa
D:7:      temple_hall, basic_altar, uniq_menkaure
Temple:   hc_temple_tempest_star

Skill      XL: |  1  2  3  4  5  6  7  8 |
---------------+-------------------------+-----
Polearms       | 3 4 5 6 7 9 11 | 11.2
Shields        | 4 5 |  5.6
Armour         | 4 5 7 |  7.4
Invocations    | 1 |  1.6
Fighting       | |  3.6

Action                   |  1- 3 |  4- 6 |  7- 9 || total
-------------------------+-------+-------+-------++-------
Melee: Trident           |   105 |    64 |       ||   169
       Headbutt          |    10 |    13 |    19 ||    42
       Scythe            |       |    74 |   132 ||   206
       Unarmed           |       |       |    26 ||    26
  Use: Potion            |     3 |       |     5 ||     8
 Stab: Invisible         |     1 |       |       ||     1
  Eat: Chunk             |       |     8 |     5 ||    13
       Ration            |       |       |     1 ||     1
Armor: Scale mail        |    65 |    43 |    42 ||   150
       Chain mail        |       |       |    57 ||    57
       Skin              |       |       |    31 ||    31
Dodge: Dodged            |    54 |    52 |   113 ||   219
Block: Shield            |    37 |    28 |       ||    65

Table legend:
 A = Spawn XP
 B = Non-spawn XP
 C = Spawn XP percentage of total XP
 D = Spawn monster count
 E = Non-spawn monster count
 F = Spawn count percentage of total count
 G = Total turns spent on level
                    A         B        C        D         E        F      G
               +---------+---------+-------+---------+---------+-------+---------
         Total |       0 |    2631 |   0.0 |       0 |     124 |   0.0 |  6532
               +---------+---------+-------+---------+---------+-------+---------
           D:1 |       0 |      50 |   0.0 |       0 |      29 |   0.0 |   765
           D:2 |       0 |     402 |   0.0 |       0 |      35 |   0.0 |  1270
           D:3 |       0 |     221 |   0.0 |       0 |      17 |   0.0 |  1265
           D:4 |       0 |     322 |   0.0 |       0 |      15 |   0.0 |  1178
           D:5 |       0 |    1135 |   0.0 |       0 |      11 |   0.0 |  1145
           D:6 |       0 |     471 |   0.0 |       0 |      13 |   0.0 |   555
           D:7 |       0 |      30 |   0.0 |       0 |       4 |   0.0 |   236
               +---------+---------+-------+---------+---------+-------+---------
